 Dungeon Crawl Stone Soup version 0.22-a0-247-gbddf880757 (webtiles) character file.

309 Peterchen the Cleaver (level 6, -4/51 HPs)
             Began as a Minotaur Berserker on Feb 24, 2018.
             Was a Priest of Trog.
             Slain by an orc
             ... wielding a +0 war axe
              (9 damage)
             ... on level 3 of the Dungeon.
             The game lasted 00:04:36 (2050 turns).

Peterchen the Cleaver (Minotaur Berserker)          Turns: 2050, Time: 00:04:37

Health: -4/51      AC:  3    Str: 24    XL:     6   Next: 17%
Magic:  5/5        EV: 12    Int:  4    God:    Trog [***...]
Gold:   92         SH:  0    Dex:  9    Spells: 5/5 levels left

rFire    . . .     SeeInvis .   m - +0 war axe
rCold    + . .     Gourm    .   (no shield)
rNeg     . . .     Faith    .   b - +0 animal skin
rPois    .         Spirit   .   (helmet restricted)
rElec    .         Reflect  .   (no cloak)
rCorr    .         Harm     .   l - +0 pair of gloves
MR       .....                  (no boots)
Stlth    +.........             (no amulet)
HPRegen  0.17/turn              e - ring of protection from cold
MPRegen  0.09/turn              (no ring)

@: berserk cooldown, slowed, very slow
A: retaliatory headbutt, horns 2
a: Berserk, Trog's Hand, Renounce Religion


You were on level 3 of the Dungeon.
You worshipped Trog.
Trog was most pleased with you.
You were very hungry.

You visited 1 branch of the dungeon, and saw 3 of its levels.

You collected 92 gold pieces.

Inventory:

Hand Weapons
 m - a +0 war axe (weapon)
Missiles
 k - 2 tomahawks (quivered)
Armour
 b - a +0 animal skin (worn)
 l - a +0 pair of gloves (worn)
Jewellery
 e - a ring of protection from cold (left hand)
Wands
 q - a wand of random effects (32)
Scrolls
 a - a scroll of teleportation {unknown}
 d - 5 scrolls of identify {unknown}
 g - a scroll of enchant armour {unknown}
 h - a scroll of fog {unknown}
 i - 2 scrolls of enchant weapon {unknown}
 n - 6 scrolls of remove curse {unknown}
Potions
 f - 2 potions of heal wounds {unknown}
 j - 3 potions of haste {unknown}
 o - a potion of ambrosia {unknown}
 p - a potion of might {unknown}
Comestibles
 c - 8 rations


   Skills:
 - Level 3.6 Fighting
 * Level 8.4 Axes
 - Level 2.4 Armour
 - Level 2.1 Dodging


You had 5 spell levels left.
You didn't know any spells.

Dungeon Overview and Level Annotations

Branches:
Dungeon (3/15)

Altars:


Innate Abilities, Weirdness & Mutations

You reflexively headbutt those who attack you in melee.
You have a pair of horns on your head.


Message History

You miss the frilled lizard. The frilled lizard closely misses you.
You furiously retaliate!
You headbutt the frilled lizard, but do no damage.
You slice the frilled lizard!!
You kill the frilled lizard!
Trog accepts your kill. The rat completely misses you.
An orc comes into view. It is wielding a war axe.
The orc shouts!
You hit the rat.
You kill the rat!
Trog accepts your kill. The orc hits you with a war axe!
* * * LOW HITPOINT WARNING * * *
You barely miss the orc. Your headbutt misses the orc.
You are feeling very hungry.
The orc completely misses you.
You barely miss the orc. The orc barely misses you.
The orc hits you with a war axe!
You die...

# #. #..
###...###################
......(.(.)..............
.##...##@#############.##
#.. #o# ##.## ... ...
#.... ... ....# #.... ..
.....# #.... . ......#
##.#. .......# #.#.
........# #.#. #.#.


You could see an orc.

Vanquished Creatures
  Sigmund (D:3)
  Natasha (D:2)
  Robin (D:2)
  3 adders (D:2)
  3 dart slugs
  2 leopard geckos
  2 giant cockroaches
  15 goblins
  8 hobgoblins
  8 jackals (D:2)
  4 kobolds
  A quokka (D:2)
  A ball python (D:2)
  6 bats
  5 frilled lizards
  3 rats
64 creatures vanquished.

Notes
Turn   | Place    | Note
-------+----------+-------------------------------------------
     0 | D:1      | Peterchen the Minotaur Berserker began the quest for the Orb.
     0 | D:1      | Reached XP level 1. HP: 19/19 MP: 0/0
    73 | D:1      | Reached skill level 4 in Axes
    91 | D:1      | Reached XP level 2. HP: 17/26 MP: 1/1
   550 | D:1      | Reached skill level 5 in Axes
   599 | D:1      | Reached XP level 3. HP: 27/31 MP: 2/2
   634 | D:1      | Reached ** piety under Trog
  1121 | D:2      | Reached XP level 4. HP: 39/39 MP: 3/3
  1235 | D:2      | Reached skill level 6 in Axes
  1251 | D:2      | Noticed Natasha
  1256 | D:2      | Killed Natasha
  1278 | D:2      | Found a faded altar of an unknown god.
  1355 | D:2      | Noticed Robin
  1364 | D:2      | Killed Robin
  1365 | D:2      | Reached *** piety under Trog
  1854 | D:3      | Reached XP level 5. HP: 45/45 MP: 4/4
  2017 | D:3      | Noticed Sigmund
  2032 | D:3      | Killed Sigmund
  2032 | D:3      | Reached skill level 8 in Axes
  2032 | D:3      | Reached XP level 6. HP: 28/51 MP: 5/5
  2050 | D:3      | Slain by an orc

Vault maps used:
D:1:      minmay_arrival_widening_spiral_wide, hangedman_decor_push
D:2:      chequers_ecumenical_altar_grove, uniq_robin, uniq_natasha
D:3:      uniq_sigmund, uniq_grinder, uniq_ijyb

Skill      XL: |  1  2  3  4  5 |
---------------+----------------+-----
Axes           | 4 5 6 8 |  8.4
Fighting       | |  3.6
Armour         | |  2.4
Dodging        | |  2.1

Action                   |  1- 3 |  4- 6 || total
-------------------------+-------+-------++-------
Melee: Hand axe          |    53 |       ||    53
       Headbutt          |    12 |     2 ||    14
       War axe           |    10 |    35 ||    45
Throw: Tomahawk          |       |     4 ||     4
Invok: Berserk           |     1 |     3 ||     4
  Eat: Chunk             |     1 |     5 ||     6
Armor: Animal skin       |    19 |     6 ||    25
Dodge: Dodged            |    54 |    23 ||    77

Table legend:
 A = Spawn XP
 B = Non-spawn XP
 C = Spawn XP percentage of total XP
 D = Spawn monster count
 E = Non-spawn monster count
 F = Spawn count percentage of total count
 G = Total turns spent on level
                    A         B        C        D         E        F      G
               +---------+---------+-------+---------+---------+-------+---------
         Total |       0 |     442 |   0.0 |       0 |      64 |   0.0 |  2050
               +---------+---------+-------+---------+---------+-------+---------
           D:1 |       0 |      44 |   0.0 |       0 |      23 |   0.0 |   850
           D:2 |       0 |     150 |   0.0 |       0 |      36 |   0.0 |   935
           D:3 |       0 |     248 |   0.0 |       0 |       5 |   0.0 |   265
               +---------+---------+-------+---------+---------+-------+---------
